 Dungeon Crawl Stone Soup version 0.20-a0-640-g62ed22f (webtiles) character file.

252 polly the Slasher (level 5, -2/40 HPs)
             Began as a Demonspawn Gladiator on Feb 13, 2017.
             Slain by an ogre
             ... wielding a cursed -3 giant club
              (13 damage)
             ... on level 4 of the Dungeon.
             The game lasted 00:03:51 (2010 turns).

polly the Slasher (Demonspawn Gladiator)            Turns: 2010, Time: 00:03:51

Health: -2/40      AC: 11    Str: 16    XL:     5   Next: 89%
Magic:  5/5        EV:  7    Int:  9    God:
Gold:   102        SH:  0    Dex: 14    Spells: 4/4 levels left

rFire    . . .     SeeInvis .   a - +0 long sword
rCold    . . .     Gourm    .   e - +0 plate armour
rNeg     . . .     Faith    .   (no shield)
rPois    .         Spirit   .   c - +0 helmet
rElec    .         Reflect  .   (no cloak)
rCorr    .         Harm     .   (no gloves)
MR       .....                  (no boots)
Stlth    ..........             (no amulet)
Regen    0.2/turn               (no ring)
MPRegen  0.1/turn               (no ring)

@: no status effects
A: sturdy frame 1
a: no special abilities


You were on level 4 of the Dungeon.
You were not hungry.

You visited 1 branch of the dungeon, and saw 4 of its levels.

You collected 102 gold pieces.

Inventory:

Hand Weapons
 a - a +0 long sword (weapon)
Missiles
 d - 3 throwing nets (quivered)
Armour
 c - a +0 helmet (worn)
 e - a +0 plate armour (worn)
 s - a +1 pair of gloves
Wands
 l - a wand of lightning (9/15)
Scrolls
 b - a scroll of identify {unknown}
 g - 3 scrolls of blinking {unknown}
 n - a scroll of teleportation {unknown}
 r - a scroll of remove curse {unknown}
Potions
 h - a potion of magic {unknown}
 i - 2 potions of heal wounds {unknown}
 k - a potion of cancellation {unknown}
 m - 2 potions of curing {unknown}
 o - a potion of brilliance {unknown}
Comestibles
 f - 2 bread rations
 j - 3 fruits
 p - a meat ration


   Skills:
 + Level 2.9 Fighting
 + Level 4.9 Long Blades
 + Level 2.0 Throwing
 + Level 1.5 Armour
 + Level 3.3 Dodging


You had 4 spell levels left.
You didn't know any spells.

Dungeon Overview and Level Annotations

Branches:
Dungeon (4/15)
 Temple: D:4-7

Altars:
Cheibriados


Innate Abilities, Weirdness & Mutations

Your movements are slightly less encumbered by armour. (ER -2)


Message History

The ogre hits you with a giant club!!
Ouch! That really hurt!
* * * LOW HITPOINT WARNING * * *
You are too injured to fight recklessly!
You are too injured to fight recklessly!
You are too injured to fight recklessly!
You are too injured to fight recklessly!
You are too injured to fight recklessly!
You are too injured to fight recklessly!
You are too injured to fight recklessly!
You are too injured to fight recklessly!
You are too injured to fight recklessly!
You are too injured to fight recklessly!
You are too injured to fight recklessly!
You are too injured to fight recklessly!
You are too injured to fight recklessly!
You hit the ogre.
The ogre is heavily wounded.
The ogre hits you with a giant club!
You die...

### ..#############
#.#....#......# #+#####
#.#.##.#.####.# .......
#.#.##...# #.#
.......##.#.###### #.#
.......#>...# ######.##
......<#..######........
......O@.............##.
.....?.#.#######.#.....^
###'##.#.##......#...#.#
.. #.#......#..##.#... .
#.####.........#..# #.
###....####### #.
###....### #.
..........#
###.###.#>##.#


You could see an ogre.

Vanquished Creatures
  A hound (D:4)
  An orc priest (D:3)
  An orc wizard (D:3)
  Natasha (thrice) (D:2)
  2 adders
  3 worms
  2 dart slugs
  A leopard gecko (D:1)
  5 orcs (D:3)
  A bat (D:3)
  6 giant cockroaches
  10 hobgoblins
  5 jackals
  A frilled lizard (D:2)
  6 goblins
  3 kobolds (D:2)
  4 rats
55 creatures vanquished.

Notes
Turn   | Place    | Note
-------+----------+-------------------------------------------
     0 | D:1      | polly the Demonspawn Gladiator began the quest for the Orb.
     0 | D:1      | Reached XP level 1. HP: 16/16 MP: 1/1
   161 | D:1      | Gained mutation: Your movements are slightly less encumbered by armour. (ER -2) [demonic ancestry]
   161 | D:1      | Reached XP level 2. HP: 21/22 MP: 2/2
   202 | D:1      | Reached skill level 3 in Long Blades
   604 | D:2      | Noticed Natasha
   611 | D:2      | Killed Natasha
   611 | D:2      | Reached XP level 3. HP: 20/27 MP: 3/3
   651 | D:2      | Noticed Natasha
   660 | D:2      | Killed Natasha
   660 | D:2      | Reached XP level 4. HP: 12/33 MP: 4/4
  1056 | D:2      | Noticed Natasha
  1061 | D:2      | Killed Natasha
  1061 | D:2      | Reached skill level 4 in Long Blades
  1061 | D:2      | Reached skill level 1 in Armour
  1271 | D:3      | Found a snail-covered altar of Cheibriados.
  1371 | D:3      | Reached XP level 5. HP: 39/39 MP: 5/5
  2001 | D:4      | Noticed an ogre
  2010 | D:4      | Slain by an ogre

Vault maps used:
D:1:      dpeg_arrival_shrine
D:2:      uniq_natasha
D:3:      cheibriados_altar_1, first_bread
D:4:      glass_columns_a

Skill      XL: |  1  2  3  4 |
---------------+-------------+-----
Dodging        | 3 |  3.3
Long Blades    | 3 4 |  4.9
Throwing       | 2 |  2.0
Armour         | 1 |  1.5
Fighting       | |  2.9

Action                   |  1- 3 |  4- 6 || total
-------------------------+-------+-------++-------
Melee: Long sword        |    95 |    97 ||   192
  Eat: Chunk             |       |     4 ||     4
Armor: Plate armour      |    70 |    93 ||   163
Dodge: Dodged            |    31 |    42 ||    73
       Rpst.: Long sword |     7 |    13 ||    20
